[Event "Catalan University-ch 2024"]
[Site "Barcelona"]
[Date "2024.02.24"]
[Round "1.1"]
[White "Povill Claros, Laura"]
[Black "Adan Bermudez, Sergio"]
[Result "0-1"]
[ECO "B30"]
[WhiteElo "1854"]
[BlackElo "2299"]
[Annotator "TA"]
[PlyCount "74"]
[EventDate "2024.02.24"]
[EventCountry "ESP"]
[SourceTitle "playchess.com"]
[Source "ChessBase"]
[SourceQuality "1"]
[TimeControl "5400+30"]

1. e4 c5 2. Nf3 Nc6 3. Bb5 e6 4. O-O Nge7 5. Re1 Nd4 6. Nxd4 cxd4 7. e5 (7. c3 $142) 7... Qa5 8. Bd3 Ng6 9. Bxg6 {[%emt 0:01:13] The position is equal.} hxg6 10. d3 b6 11. Nd2 Bb7 {[%emt 0:00:33] Prevents Qf3} 12. Nc4 Qd5 13. f3 Rc8 14. a4 Rh5 15. Bf4 {[%emt 0:00:42] [#]} (15. Qd2 $11) 15... g5 $1 $17 16. Bg3 {[%emt 0:00:31] [#]} g4 $1 $36 {[%emt 0:00:32][%mdl 2048] Black is really pushing.} 17. Rf1 (17. Nd2 Qc6) 17... Rf5 {[%emt 0:01:23][%cal Rg4f3] Black is more active.} 18. Qe2 ({White should try} 18. Nd2) 18... gxf3 19. gxf3 Rxf3 20. Rxf3 Qxf3 21. Qxf3 Bxf3 22. Rf1 Bd5 23. b3 Bc5 24. Rf4 a6 25. Rh4 {[%emt 0:00:40] Rh8+ would now be deadly.} Kd8 ({Black should play} 25... Ke7 $17 {aiming for ...b5.} 26. Rh5 Rg8) 26. Nd6 {[%emt 0:00:58] White wants to mate with Rh8+.} Rb8 27. Nxf7+ Kc7 28. Rg4 (28. Bf2 $11) 28... Bf3 $15 29. Rxg7 Bd1 $1 {[%emt 0:00:29] This pair of bishops is nice.} 30. Ng5 (30. Be1 $15) 30... Kc6 $17 31. Ne4 $2 {[%emt 0:00:32] White does not recover from this.} (31. h4 $17 {was necessary.}) 31... Bxc2 $19 32. Nf6 Rd8 (32... Bxb3 33. Nxd7 Rb7 34. Nxc5 bxc5 (34... Rxg7 35. Nxb3 Kd5 36. Kf1 $14) 35. Rxb7 Kxb7 36. Kf2 Bxa4 37. h4 $19) 33. Bh4 $2 (33. h4) 33... Bxd3 34. Ng4 Rf8 35. Nf6 Be2 (35... Rh8 36. Bg5 $19) 36. Nxd7 d3+ 37. Nxc5 d2 {[%emt 0:00:32] Weighted Error Value: White=0.27 (precise) /Black=0.16 (very precise) .  Loses game:     	White=1     	---        Mistake:       	White=5     	Black=1      Inaccurate:     	White=1     	Black=1      OK:         	White=9     	Black=15     Best:        	White=3     	Black=2      Strong:       	---       	Black=2} ({Don't play} 37... bxc5 38. Bg5 $19) 0-1

[Event "Catalan University-ch 2024"]
[Site "Barcelona"]
[Date "2024.02.24"]
[Round "1.3"]
[White "Huerta Llorens, Arnau"]
[Black "Roca Planas, Edgar"]
[Result "0-1"]
[ECO "B12"]
[WhiteElo "1888"]
[BlackElo "2248"]
[Annotator "TA"]
[PlyCount "87"]
[EventDate "2024.02.24"]
[EventCountry "ESP"]
[SourceTitle "playchess.com"]
[Source "ChessBase"]
[SourceQuality "1"]
[TimeControl "5400+30"]

1. e4 c6 2. d4 d5 3. f3 e6 4. Nc3 Bb4 5. Bf4 Nd7 6. Qd2 Ne7 7. O-O-O O-O 8. g4 (8. Kb1 $11) 8... Qa5 (8... dxe4 $15 9. fxe4 e5 10. dxe5 Ng6) 9. Kb1 $2 (9. a3 $11 Bxc3 10. Qxc3 Qxc3 11. bxc3) 9... Bxc3 (9... dxe4 $19 10. fxe4 e5 11. dxe5 Nc5) 10. Qxc3 $15 Qxc3 11. bxc3 Ng6 (11... e5 $15 12. Bg5 f6) 12. Bd6 $11 Re8 13. h4 dxe4 14. fxe4 Nf6 15. h5 (15. Re1 $11 {remains equal.}) 15... Nf8 $2 (15... Nxe4 $17 16. hxg6 hxg6 (16... Nxd6 17. gxh7+ Kh8 18. Nf3 $16)) 16. Bd3 Nxg4 17. Nh3 {[%emt 0:00:00] Prevents Nf2} e5 18. Rdg1 h6 19. Be2 Nf6 20. Bxe5 {[%emt 0:00:36] A strong pair of Bishops.} (20. dxe5 Nxe4 21. Bd3 Nd2+ (21... Nxc3+ $2 22. Kb2 $19) 22. Kc1 Nf3 $19) 20... N8d7 21. Bf4 (21. Bxf6 $11 Nxf6 22. e5) 21... Kh8 (21... Rxe4 $2 22. Bxh6 Ne8 (22... Rxe2 $2 23. Rxg7+ Kh8 24. Ng5 $18) (22... Kh7 $2 23. Ng5+ Kxh6 24. Nxf7+ Kh7 25. Bd3 $18) 23. Bxg7 Nxg7 24. h6 $18) ({Black should try} 21... Nxe4 $17 22. Bd3 Kh8 (22... Nxc3+ 23. Kb2 $14)) 22. e5 $15 Nd5 (22... Ne4 $1 $15 23. Bd3 Nxc3+ 24. Ka1 Nd5) 23. Bd2 $14 f6 24. c4 $36 {[%emt 0:00:48][%mdl 2048] White has the initiative.} Ne7 (24... Nc7 $14) 25. Bc3 fxe5 26. dxe5 {[%emt 0:00:29] aiming for e6.} Nc5 {[%emt 0:00:29][%cal Ob7b5,Bd7c5,Bc5e6,Be6f4][%mdl 32] [#]} 27. Nf4 ({White should play} 27. e6 $1 $16 Nf5 28. Bg4) 27... Ne6 28. Ng6+ Nxg6 29. hxg6 (29. Rxg6 $2 {too greedy.} Nf4 30. Bd3 Nxg6 31. hxg6 c5 $19) 29... Nf4 30. Bd3 (30. Bd1 $11 Nh3 31. Rf1) 30... Be6 31. Bd2 Rf8 {[%emt 0:00:00][%mdl 8192] Black is more active.} (31... Nxd3 $15 {keeps the upper hand.} 32. cxd3 Bf5) 32. Rf1 $2 ({White must play} 32. Rxh6+ $1 $18 Kg8 33. Rh7) 32... Nxd3 $15 33. cxd3 Bf5 34. Kc2 {[%emt 0:00:50] [#] Hoping for Bb4.} Bxg6 35. Rfg1 Bf5 (35... Kh7 $17 {White must now prevent ...Rf3.} 36. Rg3 Rf7) 36. Bxh6 gxh6 $17 37. Rxh6+ Bh7 38. Rgh1 Rf7 39. e6 (39. Kc3 $17) 39... Re7 $19 40. Kc3 Rd8 41. d4 Rd6 42. Rf1 (42. Kb4 $142) 42... Rdxe6 43. Rf8+ $2 (43. Rxe6 Rxe6 44. Rf8+ Kg7 45. Rb8) 43... Kg7 44. d5 {[%emt 0:00:00] Black used his chance.   Weighted Error Value: White=0.64/Black=0.44.  Loses game:     	White=1     	Black=1      Missed win:     	White=1     	---        Mistake:       	White=10    	Black=8      Inaccurate:     	White=4     	Black=1      OK:         	White=6     	Black=16     Best:        	White=4     	Black=2} (44. Rxe6 $142 Kxf8 (44... Rxe6 $2 45. Ra8 $19) 45. Rh6) 0-1

[Event "Catalan University-ch 2024"]
[Site "Barcelona"]
[Date "2024.02.24"]
[Round "1.4"]
[White "Sole Pijuan, Ferran"]
[Black "De la Riva Real, Ariadna"]
[Result "1-0"]
[ECO "D00"]
[WhiteElo "2136"]
[BlackElo "1589"]
[Annotator "RC"]
[PlyCount "95"]
[EventDate "2024.02.24"]
[EventCountry "ESP"]
[SourceTitle "playchess.com"]
[Source "ChessBase"]
[SourceQuality "1"]
[TimeControl "5400+30"]

1. d4 d5 2. Nc3 Nf6 3. Bf4 c6 4. e3 e6 5. g4 h6 6. Bd3 Bd6 7. Bg3 Bxg3 8. hxg3 Nbd7 9. g5 Ng8 10. Qg4 g6 11. f4 h5 12. Qf3 b5 13. e4 b4 14. Na4 Qa5 15. b3 Ne7 16. e5 Ba6 17. g4 h4 18. Bxa6 Qxa6 19. Qf2 Rc8 20. Rxh4 Rf8 21. Nc5 Nxc5 22. dxc5 Qa3 23. Qd4 a5 24. Ne2 Rb8 25. Nc1 Nc8 26. Nd3 Na7 27. f5 Nb5 28. Qf2 a4 29. fxe6 fxe6 30. Qxf8+ Kxf8 31. Rh8+ Ke7 32. Rxb8 axb3 33. Rb7+ Kd8 34. cxb3 Nd4 35. Kf2 Kc8 36. Rg7 Nxb3 37. Rh1 Qxa2+ 38. Kg3 Qa5 39. Rh8+ Qd8 40. Rxd8+ Kxd8 41. Nxb4 Nxc5 42. Nxc6+ Ke8 43. Rxg6 Kd7 44. Nd4 Ke7 45. Rg7+ Kf8 46. Rc7 Ne4+ 47. Kh4 Nf2 48. Nxe6+ 1-0

[Event "Catalan University-ch 2024"]
[Site "Barcelona"]
[Date "2024.02.24"]
[Round "1.5"]
[White "Cano Vila, Eduard"]
[Black "Garcia Escoda, Marc"]
[Result "0-1"]
[ECO "A45"]
[WhiteElo "1824"]
[BlackElo "2074"]
[Annotator "NA RC"]
[PlyCount "136"]
[EventDate "2024.02.24"]
[EventCountry "ESP"]
[SourceTitle "playchess.com"]
[Source "ChessBase"]
[SourceQuality "1"]
[TimeControl "5400+30"]

1. d4 Nf6 2. Bf4 c5 3. c3 Qb6 4. Qb3 Qxb3 5. axb3 cxd4 6. cxd4 Nc6 7. e3 Nd5 8. Bg3 Ndb4 9. Na3 d6 10. Nf3 g6 11. Bb5 Bg7 12. Rc1 O-O 13. O-O a6 14. Bxc6 bxc6 15. Nc2 Nxc2 16. Rxc2 Bd7 17. Ra1 Rfb8 18. Nd2 Rb6 19. h3 Bf5 20. Rc4 Bd3 21. Rc3 Bb5 22. Rc2 Rc8 23. Rac1 Rb7 24. d5 Rbc7 25. e4 Kf8 26. f3 Ke8 27. Bf2 Kd7 28. Nc4 Bxc4 29. Rxc4 cxd5 30. exd5 Bxb2 31. Rxc7+ Rxc7 32. Rxc7+ Kxc7 33. Kf1 Ba3 34. Ke2 Bc5 35. Be1 Kb6 36. Kd3 Kb5 37. Bc3 Bf2 38. Bd2 Kc5 39. Ke4 Bh4 40. Bc3 Bf6 41. Bd2 e6 42. dxe6 fxe6 43. Be1 d5+ 44. Kd3 e5 45. Bf2+ Kb4 46. Kc2 Bg5 47. Be1+ Kc5 48. Kd3 Bf4 49. Bc3 Kd6 50. Be1 Ke6 51. Bf2 Bc1 52. g4 Ba3 53. Be1 Bc5 54. Bd2 Kf6 55. Bc1 Bf2 56. Bd2 Bg3 57. Bc1 Bf4 58. Bb2 Kg5 59. Kc3 Kh4 60. Kb4 Kxh3 61. Ka5 Kg3 62. Kxa6 Kxf3 63. b4 d4 64. b5 d3 65. Bc3 d2 66. Bxd2 Bxd2 67. b6 Bf4 68. b7 e4 0-1

[Event "Catalan University-ch 2024"]
[Site "Barcelona"]
[Date "2024.02.24"]
[Round "1.6"]
[White "Sayrol Clols, Josep Maria"]
[Black "Alcon Llosada, Alex"]
[Result "0-1"]
[ECO "C41"]
[WhiteElo "1991"]
[BlackElo "1832"]
[Annotator "NA RC"]
[PlyCount "78"]
[EventDate "2024.02.24"]
[EventCountry "ESP"]
[SourceTitle "playchess.com"]
[Source "ChessBase"]
[SourceQuality "1"]
[TimeControl "5400+30"]

1. e4 d6 2. d4 Nf6 3. Nc3 e5 4. Nf3 Nbd7 5. Bc4 Be7 6. O-O O-O 7. h3 c6 8. Bb3 b5 9. a3 a5 10. Re1 h6 11. Be3 Bb7 12. dxe5 dxe5 13. Qe2 b4 14. axb4 axb4 15. Na4 Nxe4 16. Bxh6 c5 17. Be3 Qc7 18. Bc4 Nd6 19. b3 e4 20. Ng5 Bf6 21. Qh5 Bxg5 22. Qxg5 Nxc4 23. bxc4 Ra5 24. Nb2 Rfa8 25. Rxa5 Rxa5 26. Bf4 Qb6 27. Qg3 Ra2 28. Bc7 Qf6 29. Rd1 Bc6 30. Qd6 Rxb2 31. Qg3 Rxc2 32. Rd6 Qa1+ 33. Kh2 Rc1 34. Qe3 Rh1+ 35. Kg3 Qc3 36. Rxc6 Qxe3+ 37. fxe3 b3 38. Be5 Nxe5 39. Rb6 Rb1 0-1

[Event "Catalan University-ch 2024"]
[Site "Barcelona"]
[Date "2024.02.24"]
[Round "1.7"]
[White "Arias Aranda, Guillem"]
[Black "Travesset Sagre, Jan"]
[Result "0-1"]
[ECO "A06"]
[WhiteElo "1800"]
[BlackElo "2193"]
[Annotator "RC"]
[PlyCount "40"]
[EventDate "2024.02.24"]
[EventCountry "ESP"]
[SourceTitle "playchess.com"]
[Source "ChessBase"]
[SourceQuality "1"]
[TimeControl "5400+30"]

1. Nc3 d5 2. Nf3 Nf6 3. e3 Bg4 4. b3 e5 5. Be2 Bd6 6. d4 e4 7. Ne5 Bxe2 8. Qxe2 c6 9. Bb2 Nbd7 10. Nxd7 Qxd7 11. Na4 Qe7 12. a3 O-O 13. c4 Rab8 14. b4 dxc4 15. Qxc4 b5 16. Qb3 bxa4 17. Qxa4 Rb5 18. Rc1 Qd7 19. Qc2 Rc8 20. Ke2 Qg4+ 0-1

[Event "Catalan University-ch 2024"]
[Site "Barcelona"]
[Date "2024.02.24"]
[Round "1.8"]
[White "Ros Alonso, Joana"]
[Black "Barbera Romero, Carles"]
[Result "1-0"]
[ECO "B17"]
[WhiteElo "2033"]
[BlackElo "1629"]
[Annotator "NA RC"]
[PlyCount "33"]
[EventDate "2024.02.24"]
[EventCountry "ESP"]
[SourceTitle "playchess.com"]
[Source "ChessBase"]
[SourceQuality "1"]
[TimeControl "5400+30"]

1. e4 c6 2. d4 d5 3. Nc3 dxe4 4. Nxe4 Nd7 5. Nf3 Ngf6 6. Ng3 e6 7. Bd3 Be7 8. O-O O-O 9. Ne5 c5 10. Nxd7 Bxd7 11. dxc5 Bxc5 12. Bg5 Be7 13. Qe2 Rc8 14. Rad1 Qa5 15. Bxf6 Bxf6 16. Bxh7+ Kxh7 17. Rxd7 1-0

[Event "Catalan University-ch 2024"]
[Site "Barcelona"]
[Date "2024.02.24"]
[Round "1.9"]
[White "Burnette Ingles, Lucas"]
[Black "Martinez Lopez, Carlos"]
[Result "0-1"]
[ECO "B32"]
[WhiteElo "1629"]
[BlackElo "2006"]
[Annotator "NA RC"]
[PlyCount "66"]
[EventDate "2024.02.24"]
[EventCountry "ESP"]
[SourceTitle "playchess.com"]
[Source "ChessBase"]
[SourceQuality "1"]
[TimeControl "5400+30"]

1. e4 c5 2. Nf3 Nc6 3. d4 cxd4 4. Nxd4 e5 5. Nb5 d6 6. c4 Be6 7. Be3 Nf6 8. f3 a6 9. N5c3 g6 10. Qd2 Bg7 11. Na3 O-O 12. Nc2 Rc8 13. Be2 Nh5 14. Rd1 Nd4 15. Nxd4 exd4 16. Bxd4 Bxc4 17. Bxc4 Rxc4 18. Bxg7 Kxg7 19. Qxd6 Qh4+ 20. g3 Qh3 21. Rd2 b5 22. a3 Kg8 23. Qd7 Qxd7 24. Rxd7 b4 25. axb4 Rxb4 26. O-O Rxb2 27. Ra7 Rc8 28. Na4 Ra2 29. Rxa6 Rcc2 30. Ra8+ Kg7 31. Rb1 Rg2+ 32. Kf1 Rxh2 33. Rb2 Ra1+ 0-1

[Event "Catalan University-ch 2024"]
[Site "Barcelona"]
[Date "2024.02.24"]
[Round "1.10"]
[White "Gomez Navais, Marcal"]
[Black "Sole Jimenez, Joan"]
[Result "1-0"]
[ECO "C44"]
[WhiteElo "2081"]
[BlackElo "1545"]
[Annotator "NA RC"]
[PlyCount "93"]
[EventDate "2024.02.24"]
[EventCountry "ESP"]
[SourceTitle "playchess.com"]
[Source "ChessBase"]
[SourceQuality "1"]
[TimeControl "5400+30"]

1. e4 e5 2. d4 exd4 3. c3 dxc3 4. Bc4 Nc6 5. Nf3 Bc5 6. Bxf7+ Kxf7 7. Qd5+ Ke8 8. Qxc5 d6 9. Qe3 Nf6 10. Nxc3 Be6 11. O-O h6 12. Rd1 Qe7 13. h3 g5 14. e5 Nd7 15. exd6 cxd6 16. Re1 Nde5 17. Nd4 Nxd4 18. Qxd4 Bxh3 19. Ne4 Rd8 20. Nxd6+ Rxd6 21. Qxe5 Qxe5 22. Rxe5+ Be6 23. Be3 a6 24. Re1 Kf7 25. Bc5 Rc6 26. Bd4 Rd8 27. Bc3 Bxa2 28. Re7+ Kg6 29. Rxb7 Bd5 30. Rg7+ Kh5 31. Re3 Be6 32. Re7 Bg4 33. f3 Bc8 34. Kf2 g4 35. R3e5+ Kg6 36. Re4 Rf8 37. Rg7+ Kh5 38. Re1 Rg6 39. Rh1+ Kg5 40. Bd2+ Kf6 41. Rxg6+ Kxg6 42. Rxh6+ Kg7 43. Rc6 gxf3 44. Bh6+ Kg8 45. Bxf8 fxg2 46. Rxc8 g1=Q+ 47. Kxg1 1-0

[Event "Catalan University-ch 2024"]
[Site "Barcelona"]
[Date "2024.02.24"]
[Round "2.1"]
[White "Adan Bermudez, Sergio"]
[Black "Dominguez Laguna, Eduard"]
[Result "1-0"]
[ECO "A11"]
[WhiteElo "2299"]
[BlackElo "1943"]
[Annotator "TA"]
[PlyCount "87"]
[EventDate "2024.02.24"]
[EventCountry "ESP"]
[SourceTitle "playchess.com"]
[Source "ChessBase"]
[SourceQuality "1"]
[TimeControl "5400+30"]

1. c4 c6 2. Nc3 d5 3. e3 Nf6 4. Nf3 a6 5. b3 Bg4 6. Bb2 e6 7. Be2 Nbd7 8. O-O {[%emt 0:00:49] The position is equal.} Bd6 9. d3 O-O 10. h3 Bh5 11. cxd5 exd5 12. Nh4 Bg6 13. Nxg6 hxg6 14. e4 d4 (14... dxe4 {is more appropriate.} 15. Nxe4 Bc7) 15. Nb1 $11 c5 16. Nd2 b5 17. f4 Bc7 18. g3 Re8 19. Bf3 {[%emt 0:00:32] e5 is the strong threat.} Rb8 20. e5 Nh7 (20... Bxe5 $14 21. fxe5 Nxe5) 21. Be4 ({Better is} 21. Rc1) 21... Ndf8 ({Black should try} 21... Nxe5 22. fxe5 Rxe5) 22. Qg4 $2 {[%emt 0:01:49] [#]} (22. Rc1 $16) 22... Qd7 $2 (22... f5 $15 {stays ahead.} 23. Bxf5 (23. exf6 Nxf6 24. Qf3 Ba5 $17) 23... gxf5 24. Qxf5 Qd5) 23. Qxd7 $16 Nxd7 {[%emt 0:00:29] Black is weak on the light squares} 24. Rac1 Red8 (24... Ba5 $16 25. Nf3 Nhf8) 25. Bc6 (25. Bxd4 $18 Nhf8 26. Nf3 (26. Bxc5 Nxc5 27. Rxc5 Bb6 $15)) 25... Bb6 26. a4 (26. h4 $16) 26... bxa4 (26... Ba5 $14 {is superior.} 27. Ne4 bxa4) 27. bxa4 Nhf8 28. Ba3 {[%emt 0:00:31] White is much more active. A strong pair of Bishops.} Rdc8 (28... Ba5 $16 29. Nc4 Bb4) 29. Bd5 $36 {[%emt 0:00:31][%cal Bc6d5,Bd5b3,Bb3c4][%mdl 2080] White is on the roll.} Ne6 30. Nc4 {[%emt 0:00:43] Inhibits Ba5.} Ba7 (30... Bc7 $142 31. Rb1 Nd8) 31. Nd6 Rc7 32. Rb1 Nb6 33. Bb3 Kf8 (33... Nd8 {is a better defense.} 34. Rfc1 Nd7) 34. a5 Nd7 35. Bc4 Ke7 (35... Rxb1 $142 36. Rxb1 Bb8) 36. Bxa6 Rxb1 37. Rxb1 {[%emt 0:00:29] White is clearly winning.} Nb8 38. Bb5 Nc6 (38... g5 $142 39. f5 Nd8) 39. Bxc6 Rxc6 40. Rb7+ Rc7 41. Nc8+ Kd8 42. Rxc7 ({Less strong is} 42. Rxa7 Kxc8 43. Rxc7+ Kxc7 $16) 42... Kxc7 43. Nxa7 Nd8 44. Bxc5 {[%emt 0:00:33] Weighted Error Value: White=0.22 (precise) /Black=0.42.  Mistake:       	White=4     	Black=11     Inaccurate:     	White=1     	Black=3      OK:         	White=12    	Black=12     Best:        	White=3     	---} 1-0

[Event "Catalan University-ch 2024"]
[Site "Barcelona"]
[Date "2024.02.24"]
[Round "2.2"]
[White "Pera Muntasell, Marc"]
[Black "Castillo Dalmau, Albert"]
[Result "0-1"]
[ECO "B15"]
[WhiteElo "1916"]
[BlackElo "2313"]
[Annotator "TA"]
[PlyCount "49"]
[EventDate "2024.02.24"]
[EventCountry "ESP"]
[SourceTitle "playchess.com"]
[Source "ChessBase"]
[SourceQuality "1"]
[TimeControl "5400+30"]

1. e4 c6 2. d4 d5 3. Nd2 dxe4 4. Nxe4 Nf6 5. Nxf6+ exf6 6. Nf3 Bd6 7. Bd3 O-O 8. O-O Bg4 9. h3 Bh5 10. Re1 Nd7 11. c4 (11. g4 $5 Bg6 $8 12. c4 $11) 11... Re8 {[%emt 0:00:46] The position is equal.} 12. Be3 Nf8 13. Bc2 (13. g4 $5 Bg6 $8 14. d5 $14) 13... Bc7 14. c5 Qd7 15. b4 (15. d5 $15) 15... Rad8 $17 {[%emt 0:00:39] Black is more active.} 16. a4 f5 17. Qd2 $2 (17. Bd2 $17) 17... Bxf3 $19 18. gxf3 Ng6 {[%emt 0:00:56] [#] ...Nh4 would now be deadly.} 19. Qd3 f4 20. Bd2 Qxh3 (20... Qxd4 $2 {too greedy.} 21. Rxe8+ Rxe8 22. Qxd4 $18) 21. Qf5 {[%emt 0:02:13] Inhibits Re5.} (21. Rxe8+ Rxe8 22. Bc3) 21... Qxf5 {[%emt 0:02:42] Black is clearly winning.} (21... Qxf3 $2 22. Rxe8+ Rxe8 23. Bd1 $17) 22. Bxf5 Nh4 23. Rxe8+ Rxe8 24. Be4 f5 25. Re1 {[%emt 0:00:30] Black took control after the opening.   Weighted Error Value: White=0.60/Black=0.00 (flawless) .  Loses game:     	White=1     	---        Mistake:       	White=2     	---        Inaccurate:     	White=2     	---        OK:         	White=3     	Black=7      Best:        	---       	Black=6} 0-1

[Event "Catalan University-ch 2024"]
[Site "Barcelona"]
[Date "2024.02.24"]
[Round "2.3"]
[White "Roca Planas, Edgar"]
[Black "Espelt Granes, Esteve"]
[Result "1-0"]
[ECO "B51"]
[WhiteElo "2248"]
[BlackElo "1934"]
[Annotator "TA"]
[PlyCount "65"]
[EventDate "2024.02.24"]
[EventCountry "ESP"]
[SourceTitle "playchess.com"]
[Source "ChessBase"]
[SourceQuality "1"]
[TimeControl "5400+30"]

1. e4 c5 2. Nf3 Nc6 3. Bb5 e5 4. O-O d6 5. c3 g6 (5... Nf6 $14) 6. d4 $16 Bg7 7. Bxc6+ (7. dxe5 $18 dxe5 8. Qxd8+ Kxd8 9. Bxc6 bxc6 10. Be3) 7... bxc6 8. dxc5 {[%emt 0:00:00] White is better.} dxc5 9. Qxd8+ Kxd8 10. Be3 c4 (10... Kc7 $16 {was necessary.} 11. c4 (11. Bxc5 f6 $16) 11... Nf6) 11. Na3 $18 Ba6 12. Rfd1+ Ke8 13. Nd2 Nf6 14. f3 Nd7 15. Ndxc4 Ke7 16. Na5 Rhc8 17. Rd2 Rc7 18. Rad1 {[%emt 0:00:00][%cal Oa5c6] Black must now prevent Nxc6+!} Bf8 19. N3c4 Ke6 20. f4 f6 {[%emt 0:00:54] [#]} (20... Bxc4 {keeps fighting.} 21. Nxc4 f6 22. f5+ Ke7) 21. f5+ $1 Ke7 {[%emt 0:01:00][%cal Be6e7,Be7e8,Be8f8,Bf8g8][%mdl 32] [#]} 22. Nxc6+ $1 {[%emt 0:00:31][%mdl 512] Excellent horsemanship.} Ke8 (22... Rxc6 23. Rxd7+) 23. Nd6+ Bxd6 24. Rxd6 {[%emt 0:00:30] And now Re6+ would win.} Bb7 25. Re6+ ({Don't do} 25. Nxa7 Rxa7 26. Bxa7 Bxe4 27. fxg6 (27. Bb6 Rb7 $18) 27... hxg6) 25... Kf8 26. Bh6+ Kg8 27. Nb4 {[%emt 0:01:11] Re7 would now be deadly.} Bxe4 28. fxg6 hxg6 29. Re7 a5 30. Nd5 ({Stronger than} 30. Rdxd7 Rxd7 31. Rxd7 axb4 $11) 30... Rb7 {[%emt 0:00:00] [#] Black is weak on the dark squares} (30... Bxd5 31. Rxd5 Nb6 32. Rdxe5 (32. Rxc7 Nxd5 33. Rg7+ Kh8 $18) 32... Nc4 33. Rxc7 Nxe5 34. Rg7+ Kh8) 31. Rxd7 $1 Bxd5 (31... Rxd7 32. Nxf6+) 32. R7xd5 Rxb2 33. Rd7 {[%emt 0:00:54] Prevents Ra7.   Weighted Error Value: White=0.17 (very precise) /Black=0.79.  Mistake:       	White=1     	Black=3      Inaccurate:     	White=1     	---        OK:         	White=14    	Black=5      Best:        	---       	Black=3      Brilliant:      	White=1     	---} 1-0

[Event "Catalan University-ch 2024"]
[Site "Barcelona"]
[Date "2024.02.24"]
[Round "2.4"]
[White "Ruiz Lupon, Neri"]
[Black "Sole Pijuan, Ferran"]
[Result "1-0"]
[ECO "C44"]
[WhiteElo "1968"]
[BlackElo "2136"]
[Annotator "RC"]
[PlyCount "82"]
[EventDate "2024.02.24"]
[EventCountry "ESP"]
[SourceTitle "playchess.com"]
[Source "ChessBase"]
[SourceQuality "1"]
[TimeControl "5400+30"]

1. e4 e5 2. Nf3 Nc6 3. c3 d5 4. Qa4 f6 5. d3 Nge7 6. Be2 Bd7 7. Qc2 dxe4 8. dxe4 Ng6 9. O-O h5 10. Rd1 Bd6 11. Nbd2 Nf4 12. Bf1 h4 13. h3 Qe7 14. Nc4 Bc5 15. b4 Bb6 16. a4 a6 17. Ba3 Qf7 18. b5 axb5 19. axb5 Na5 20. Nxb6 cxb6 21. Bc1 g5 22. Nh2 O-O 23. Rd6 Be6 24. Bxf4 exf4 25. Rxb6 Nc4 26. Rxa8 Rxa8 27. Bxc4 Bxc4 28. Nf3 Ra2 29. Qd1 Kg7 30. e5 Be2 31. exf6+ Kh6 32. Qd8 Bxf3 33. gxf3 Re2 34. Qh8+ Kg6 35. Qg7+ Qxg7 36. fxg7+ Kxg7 37. Rxb7+ Kf6 38. c4 Rc2 39. Rc7 Ke5 40. b6 Rb2 41. c5 Kd5 1-0

[Event "Catalan University-ch 2024"]
[Site "Barcelona"]
[Date "2024.02.24"]
[Round "2.5"]
[White "Garcia Escoda, Marc"]
[Black "Pueyo Amoros, Pau"]
[Result "1-0"]
[ECO "D34"]
[WhiteElo "2074"]
[BlackElo "1858"]
[Annotator "NA COMBH"]
[PlyCount "107"]
[EventDate "2024.02.24"]
[EventCountry "ESP"]
[SourceTitle "playchess.com"]
[Source "ChessBase"]
[SourceQuality "1"]
[TimeControl "5400+30"]

1. Nf3 Nf6 2. g3 e6 3. Bg2 d5 4. O-O c5 5. d4 Nc6 6. c4 Be7 7. cxd5 exd5 8. Nc3 O-O 9. Bf4 Be6 10. Rc1 c4 11. Ne5 h6 12. e4 Nxe5 13. dxe5 Nxe4 14. Nxe4 dxe4 15. Bxe4 Qxd1 16. Rfxd1 Rab8 17. Be3 b6 18. f4 g6 19. Kf2 a5 20. Bd5 b5 21. Bxe6 fxe6 22. Rd7 Kf7 23. Bc5 Rfe8 24. Rcd1 Kf8 25. Rxe7 Rxe7 26. Rd7 Rbe8 27. Rb7 b4 28. Rc7 Kf7 29. Bxe7 Rxe7 30. Rxc4 Rd7 31. Ke2 g5 32. Rc5 Ra7 33. fxg5 hxg5 34. Kf3 Kg6 35. Kg4 Ra6 36. Rc2 a4 37. Rf2 b3 38. axb3 axb3 39. Rf6+ Kg7 40. Rf3 Rb6 41. Kxg5 Rb4 42. Rc3 Rb7 43. h4 Kh7 44. Kf6 Rb6 45. g4 Kh6 46. Rc8 Kh7 47. Rc7+ Kg8 48. g5 Ra6 49. g6 Ra8 50. h5 Rf8+ 51. Rf7 Re8 52. h6 Rd8 53. Kxe6 Kh8 54. Ke7 1-0

[Event "Catalan University-ch 2024"]
[Site "Barcelona"]
[Date "2024.02.24"]
[Round "2.6"]
[White "Catala Ulied, Guillem"]
[Black "Ros Alonso, Joana"]
[Result "0-1"]
[ECO "A08"]
[WhiteElo "1892"]
[BlackElo "2033"]
[Annotator "NA RC"]
[PlyCount "66"]
[EventDate "2024.02.24"]
[EventCountry "ESP"]
[SourceTitle "playchess.com"]
[Source "ChessBase"]
[SourceQuality "1"]
[TimeControl "600+2"]

1. e4 e6 2. Qe2 Ne7 3. Nf3 d5 4. d3 c5 5. g3 Nbc6 6. Bg2 g6 7. O-O Bg7 8. Nbd2 b6 9. Re1 Bb7 10. e5 Qc7 11. Nf1 h6 12. h4 b5 13. Bf4 Nf5 14. c3 d4 15. N1d2 Rd8 16. c4 Nb4 17. Rac1 bxc4 18. Nxc4 O-O 19. a3 Nd5 20. Qd2 Nxf4 21. Qxf4 Bd5 22. g4 Bxf3 23. Bxf3 Nxh4 24. Nd6 g5 25. Qg3 Bxe5 26. Rxe5 Qxd6 27. Be4 f5 28. gxf5 exf5 29. Bg2 Nxg2 30. Kxg2 f4 31. Rxg5+ hxg5 32. Qxg5+ Kf7 33. Qh5+ Qg6+ 0-1

[Event "Catalan University-ch 2024"]
[Site "Barcelona"]
[Date "2024.02.24"]
[Round "2.7"]
[White "Martinez Lopez, Carlos"]
[Black "Camprubi Juanola, Jaume"]
[Result "1-0"]
[ECO "A08"]
[WhiteElo "2006"]
[BlackElo "1654"]
[Annotator "NA RC"]
[PlyCount "64"]
[EventDate "2024.02.24"]
[EventCountry "ESP"]
[SourceTitle "playchess.com"]
[Source "ChessBase"]
[SourceQuality "1"]
[TimeControl "600+2"]

1. e4 e6 2. Qe2 Ne7 3. Nf3 d5 4. d3 c5 5. g3 Nbc6 6. Bg2 g6 7. O-O Bg7 8. Nbd2 b6 9. Re1 Bb7 10. e5 Qc7 11. Nf1 h6 12. h4 b5 13. Bf4 Nf5 14. c3 d4 15. N1d2 Rd8 16. c4 Nb4 17. Rac1 bxc4 18. Nxc4 O-O 19. a3 Nd5 20. Qd2 Nxf4 21. Qxf4 Bd5 22. g4 Bxf3 23. Bxf3 Nxh4 24. Nd6 g5 25. Qg3 Bxe5 26. Rxe5 Qxd6 27. Be4 f5 28. gxf5 exf5 29. Bg2 Nxg2 30. Kxg2 f4 31. Rxg5+ hxg5 32. Qxg5+ Kf7 1-0